 Dungeon Crawl Stone Soup version bcrawl-1.27.5 (webtiles) character file.

Game seed: 11817582403270881869

73180 Banto the Magician (level 1, 0/14 HPs)
             Began as a Demigod Wanderer on Aug 24, 2020.
             Slain by a phantom (5 damage)
             ... on level 2 of the Dungeon.
             The game lasted 00:00:30 (123 turns).

Banto the Magician (Demigod Wanderer)                Turns: 123, Time: 00:00:31

Health: 0/14       AC:  2    Str: 16    XL:     1   Next: 50%
Magic:  5/5        EV: 11    Int: 15    God:    Demigod [......]
Gold:   0          SH:  0    Dex: 17    Spells: 3/4 levels left

rFire    . . .     SeeInvis .   a - +0 dagger
rCold    . . .     Gourm    .   (no shield)
rNeg     . . .     Faith    .   d - +0 robe
rPois    .         Spirit   .   (no helmet)
rElec    .         Reflect  .   (no cloak)
rCorr    .         Harm     .   (no gloves)
MR       .....                  (no boots)
Stlth    ++........             (no amulet)
HPRegen  0.04/turn              (no ring)
MPRegen  0.09/turn              (no ring)

@: no status effects
A: high mp 1
a: no special abilities


You were on level 2 of the Dungeon.
You worshipped Demigod.
Demigod was noncommittal.
You were not hungry.

You visited 1 branch of the dungeon, and saw 2 of its levels.

Inventory:

Hand Weapons
 a - a +0 dagger (weapon)
Armour
 d - a +0 robe (worn)
Miscellaneous
 f - a phial of floods
Comestibles
 b - 3 chunks of flesh
 e - a ration {!d}


   Skills:
 + Level 1.1 Throwing
 + Level 2.0 Spellcasting
   Level 1.7 Conjurations
   Level 1.0 Summonings
 + Level 1.7 Necromancy
   Level 1.0 Poison Magic
 + Level 1.0 Evocations


You had 3 spell levels left.
You knew the following spells:

 Your Spells              Type           Power        Failure   Level  Hunger
a - Animate Skeleton      Necr           N/A          11%         1    None

Your spell library contained the following spells:

 Spells                   Type           Power        Failure   Level  Hunger
 Magic Dart               Conj           #...         11%         1    None
 Pain                     Necr           #.....       11%         1    None
 Searing Ray              Conj           #.......     16%         2    ##.....
 Iskenderun's Mystic Bla  Conj           #.......     32%         3    ####...
 Vampiric Draining        Necr           #.........   32%         3    ####...
 Regeneration             Chrm/Necr      #.........   43%         3    ####...
 Animate Dead             Necr           N/A          71%         4    ######.
 Fulminant Prism          Conj/Hex       #.........   83%         4    ######.
 Bolt of Draining         Conj/Necr      #.........   96%         5    #######
 Irradiate                Conj/Tmut      #.........   99%         5    #######


Dungeon Overview and Level Annotations

Branches:
Dungeon (2/12)


Innate Abilities, Weirdness & Mutations

You have an increased reservoir of magic. (+10% MP)


Message History

The goblin barely misses you.
The phantom blinks!
The goblin wields a +0 hunting sling.
The goblin shoots a stone.
The stone closely misses you.
The phantom blinks!
The goblin shoots a stone.
The stone closely misses you. The phantom completely misses you.
The phantom blinks!
The goblin unwields a +0 hunting sling.
The goblin hits you.
You barely miss the goblin.
The goblin is severely wounded.
The goblin barely misses you. The phantom hits you!
Ouch! That really hurt!
You hit the goblin.
You kill the goblin!
Your kill strengthens your divinity.
Your Spellcasting skill increases to level 2!
The phantom hits you.
You die...
Your divinity fades.

#### ..#
#.# #.#
#W#
######@#
#....).#
#.######
#.# #g#
#W###
#...#
###.#
#.#


You could see a phantom.

Vanquished Creatures
  A goblin (D:2)
  A hobgoblin (D:2)
  A jackal (D:2)
3 creatures vanquished.

Notes
Turn   | Place    | Note
-------+----------+-------------------------------------------
     0 | D:1      | Banto the Demigod Wanderer began the quest for the Orb.
     0 | D:1      | Banto set off with the following items: a +0 dagger, a +0
                  | robe, a ration {!d}, a phial of floods; and the following
                  | spells available to memorise: Animate Skeleton, Magic Dart,
                  | Pain, Searing Ray, Iskenderun's Mystic Blast, Vampiric
                  | Draining, Regeneration, Animate Dead, Fulminant Prism, Bolt
                  | of Draining, Irradiate
     0 | D:1      | Reached XP level 1. HP: 14/14 MP: 5/5
     2 | D:1      | Learned a level 1 spell: Animate Skeleton
    81 | D:2      | Noticed a phantom
   123 | D:2      | Reached skill level 2 in Spellcasting
   123 | D:2      | Slain by a phantom

Skill      XL: |  1 |
---------------+----+-----
Spellcasting   | 2 |  2.0
Throwing       | |  1.1
Conjurations   | |  1.7
Summonings     | |  1.0
Necromancy     | |  1.7
Poison Magic   | |  1.0
Evocations     | |  1.0

Action                   || total
-------------------------++-------
Melee: Dagger            ||    14
 Cast: Animate Skeleton  ||     1
Dodge: Dodged            ||    18
